 Dungeon Crawl Stone Soup version 0.29-a0-410-g9596d59a08 (webtiles) character file.

Game seed: 9404319047795281258

2822 Ge0ff the Basher (level 9, -1/57 HPs)
             Began as a Gargoyle Monk on May 14, 2022.
             Succumbed to barbed spike wounds
             ... on level 9 of the Dungeon.
             The game lasted 00:12:15 (7425 turns).

Ge0ff the Basher (Gargoyle Monk)                    Turns: 7425, Time: 00:12:16

Health: -1/57      AC: 25    Str: 19    XL:     9   Next: 73%
Magic:  0/9        EV:  6    Int: 11    God:
Gold:   312        SH:  5    Dex: 12    Spells: 8/8 levels left

rFire   + . .      SeeInvis .   a - +1 flail (drain)
rCold   . . .      Faith    .   I - +0 buckler
rNeg    + . .      Spirit   +   H - +0 plate armour
rPois   ∞          Reflect  .   t - +0 helmet
rElec   +          Harm     .   v - +0 cloak
rCorr   .          Rampage  .   L - +0 pair of gloves
Will    .....                   S - +2 pair of boots
Stlth   ..........              w - amulet of guardian spirit
HPRegen 0.19/turn               V - ring of protection from fire
MPRegen 0.11/turn               (no ring)

@: spiked
A: sickness immunity, AC +6, negative energy resistance 1, electricity
resistance, torment resistance 1, petrification resistance
a: no special abilities


You were on level 9 of the Dungeon.
You visited 2 branches of the dungeon, and saw 10 of its levels.

You collected 312 gold pieces.

Inventory:

Hand Weapons
 a - a +1 flail of draining (weapon)
 b - a +0 flail
 O - a +1 mace
 P - a +2 dagger of electrocution
 R - a +2 spear of venom
Missiles
 g - a throwing net {=F}
 Y - 10 poisoned darts (quivered)
 Z - 5 javelins
Armour
 t - a +0 helmet (worn)
 v - a +0 cloak (worn)
 H - a +0 plate armour (worn)
 I - a +0 buckler (worn)
 L - a +0 pair of gloves (worn)
 N - a +0 troll leather armour
 Q - a +0 kite shield
 S - a +2 pair of boots (worn)
 U - a +0 tower shield
Jewellery
 w - an amulet of guardian spirit (around neck)
 V - a ring of protection from fire (left hand)
Wands
 k - a wand of iceblast (1)
Scrolls
 E - a scroll of fear
 F - 2 scrolls of fog
 J - a scroll of silence {!r}
 T - a scroll of teleportation
Potions
 o - a potion of ambrosia
 q - 3 potions of curing
 u - a potion of mutation {!q}
 A - 2 potions of attraction
 K - a potion of magic {!q}
 M - 2 potions of might
 W - 4 potions of heal wounds {!q}
 X - 2 potions of flight


   Skills:
 + Level 7.0 Fighting
 - Level 10.0 Maces & Flails
 - Level 5.0 Armour
 - Level 2.4 Dodging
 - Level 2.1 Stealth
 - Level 4.0 Shields
 - Level 3.0 Evocations


You had 8 spell levels left.
You didn't know any spells.
Your spell library contained the following spells:

 Spells                   Type           Power      Damage    Failure   Level
 Animate Skeleton         Necr           0%         N/A       100%        1
 Beastly Appendage        Tmut           0%         N/A       100%        1
 Pain                     Necr           0%         1d4       100%        1
 Sandblast                Erth           0%         2d4       100%        1
 Sting                    Tmut/Pois      0%         1d3       100%        1
 Passwall                 Tmut/Erth      0%         N/A       100%        2
 Poisonous Vapours        Pois/Air       0%         N/A       100%        2
 Wereblood                Tmut           0%         N/A       100%        2
 Ozocubu's Armour         Ice            0%         N/A       100%        3
 Spider Form              Tmut/Pois      0%         N/A       100%        3
 Stone Arrow              Conj/Erth      0%         3d7       100%        3
 Tukima's Dance           Hex            0%         N/A       100%        3
 Vampiric Draining        Necr           0%         2d6       100%        3
 Animate Armour           Summ/Erth      0%         N/A       100%        4
 Olgreb's Toxic Radiance  Pois           0%         N/A       100%        4
 Passage of Golubria      Tloc           0%         N/A       100%        4
 Blade Hands              Tmut           0%         N/A       100%        5
 Yara's Violent Unravell  Hex/Tmut       0%         3d3       100%        5
 Iron Shot                Conj/Erth      0%         9d1       100%        6
 Ozocubu's Refrigeration  Ice            0%         4d5       100%        7


Dungeon Overview and Level Annotations

Branches:
Dungeon (9/15)             Temple (1/1) D:7
   Lair: D:8-11         Orc: D:9-12

Altars:
Ashenzari
Cheibriados
Dithmenos
Elyvilon
Fedhas
Gozag
Hepliaklqana
Makhleb
Nemelex Xobeh
Okawaru
Qazlal
Ru
Sif Muna
Trog
Uskayaw
Vehumet
Wu Jian
Xom
Yredelemnul
Zin
The Shining One

Portals:
Abyss: D:4

Annotations:
D:4 2 transporters, peepee's ghost, amateur SpSu
D:9 Pikel


Innate Abilities, Weirdness & Mutations

You are immune to sickness and miasma.
Your stone body is resilient. (AC +6)
You are immune to poison.
You resist negative energy. (rN+)
You are resistant to electric shocks. (rElec)
You are resistant to unholy torment.
You are immune to petrification.


Message History

The floor.
Unknown command.
Unknown command.
You hit the steelbarb worm but do no damage.
You drain the steelbarb worm.
The steelbarb worm is lightly wounded.
The bullfrog hits you but does no damage.
The steelbarb worm hits you!
Barbed spikes become lodged in your body.
The bullfrog hits you but does no damage.
The kobold hits you but does no damage. The lemure hits you but does no damage.
You block the lemure's attack.
The ynoxinul gestures.
As you read the scroll of fear, it crumbles to dust.
You assume a fearsome visage.
Pikel looks frightened!
The lemure looks frightened! x4; The steelbarb worm looks frightened!
The komodo dragon looks frightened!
The kobold demonologist looks frightened!
The kobold looks frightened!
The kobold brigand looks frightened!
The kobold looks frightened! x4; The acid dragon looks frightened!
The bullfrog looks frightened!
The ynoxinul looks frightened!
The ufetubus looks frightened! x3; A lemure opens the door.
The barbs in your skin will harm you if you move.
Continue?
The barbed spikes dig painfully into your body as you move.
An orc comes into view. It is wielding a +0 hand axe.
The barbed spikes dig painfully into your body as you move.
The orc shouts!
You hear a shout!
The barbed spikes dig painfully into your body as you move.
An orc priest comes into view. It is wielding a +0 whip.
Found an escape hatch in the ceiling.
The barbed spikes dig painfully into your body as you move.
* * * LOW HITPOINT WARNING * * *
The ynoxinul seems to regain its courage.
An orc comes into view. It is wielding a +0 hand axe.
The barbed spikes dig painfully into your body as you move.
* * * LOW HITPOINT WARNING * * *
Cornered, the kobold turns to fight!
The kobold brigand hums to itself desperately, trying to keep calm.
The barbed spikes dig painfully into your body as you move.
* * * LOW HITPOINT WARNING * * *
The orc barely misses you. The orc attacks as you move away!
You block the orc's attack.
The barbed spikes dig painfully into your body as you move.
* * * LOW HITPOINT WARNING * * *
The steelbarb worm seems to regain its courage.
The orc priest invokes the aid of Beogh against you.
Pain shoots through your body!
* * * LOW HITPOINT WARNING * * *
The barbed spikes dig painfully into your body as you move.
You die...

#..............#
#K.............#
#....5.........#
#..###'#.......#
#..#...'.......#
#..#...#.w.3...####
#..#.w.#...o..o....
#. #...#.......o...
#w..#...@.######
#####!..K.#
.........#
...D...<.#
##########


You could see a steelbarb worm (drained), a ynoxinul (summoned), an acid dragon
(fleeing), a lemure, an orc priest, 2 orcs and a kobold.

Vanquished Creatures
  A troll (D:5)
  Grinder (D:4)
  Sigmund (D:2)
  A wyvern (D:5)
  Edmund (D:4)
  2 water moccasins (D:5)
  Duvessa (D:4)
  A black bear (D:5)
  2 ice beasts
  An ogre (D:5)
  A phantom (D:5)
  A bullfrog (D:5)
  A gnoll sergeant (D:6)
  A necrophage (D:6)
  3 scorpions
  Dowan (D:4)
  2 howler monkeys
  A hound (D:5)
  2 orc priests
  2 gnoll shamans
  Jessica (D:2)
  4 iguanas
  Ijyb (D:3)
  4 orc wizards
  12 gnolls
  10 adders
  3 white imps
  3 ufetubi (D:5)
  3 worms
  4 dart slugs
  11 orcs
  13 ball pythons
  3 endoplasms
  3 giant cockroaches
  4 goblins
  4 hobgoblins
  8 jackals
  5 kobolds
  6 quokkas
  2 bats
  2 frilled lizards
  5 rats
138 creatures vanquished.

Vanquished Creatures (collateral kills)
  An adder (D:2)
1 creature vanquished.

Grand Total: 139 creatures vanquished

Notes
Turn   | Place    | Note
-------+----------+-------------------------------------------
     0 | D:1      | Ge0ff the Gargoyle Monk began the quest for the Orb.
     0 | D:1      | Reached XP level 1. HP: 14/14 MP: 1/1
   152 | D:1      | Reached XP level 2. HP: 16/19 MP: 2/2
   711 | D:1      | Reached skill level 4 in Maces & Flails
   980 | D:1      | Reached XP level 3. HP: 23/23 MP: 3/3
  1358 | D:2      | Reached XP level 4. HP: 22/28 MP: 4/4
  1435 | D:2      | Identified the +2 robe "Bunorhomp" {*Corrode rN+ Str+3}
  1491 | D:2      | Reached skill level 1 in Armour
  1673 | D:2      | Noticed Jessica
  1682 | D:2      | Killed Jessica
  1683 | D:2      | Reached skill level 5 in Maces & Flails
  1718 | D:2      | Noticed Sigmund
  1727 | D:2      | Killed Sigmund
  1728 | D:2      | Reached skill level 6 in Maces & Flails
  1728 | D:2      | Reached XP level 5. HP: 22/33 MP: 2/5
  1728 | D:2      | Reached XP level 6. HP: 26/38 MP: 2/6
  2428 | D:3      | Noticed Ijyb
  2448 | D:3      | Killed Ijyb
  3149 | D:4      | Reached skill level 7 in Maces & Flails
  3186 | D:4      | Found a one-way gate to the infinite horrors of the Abyss.
  3186 | D:4      | Noticed peepee's ghost (amateur SpSu)
  3186 | D:4      | Noticed a small abomination
  3195 | D:4      | Found a transporter.
  3199 | D:4      | Found a transporter.
  3509 | D:4      | Reached XP level 7. HP: 24/43 MP: 5/7
  3728 | D:4      | Noticed Edmund
  3733 | D:4      | Killed Edmund
  3734 | D:4      | Reached skill level 1 in Evocations
  3764 | D:4      | Noticed Grinder
  3770 | D:4      | Paralysed by Grinder for 2 turns
  3774 | D:4      | Paralysed by Grinder for 3 turns
  3785 | D:4      | Killed Grinder
  3786 | D:4      | Noticed Dowan
  3786 | D:4      | Noticed Duvessa
  3790 | D:4      | Killed Dowan
  3793 | D:4      | Killed Duvessa
  3794 | D:4      | Reached XP level 8. HP: 40/48 MP: 6/8
  3965 | D:5      | Entered Level 5 of the Dungeon
  3972 | D:5      | Reached skill level 8 in Maces & Flails
  3982 | D:5      | Noticed a wyvern
  4002 | D:5      | Killed a wyvern
  4202 | D:5      | Reached skill level 9 in Maces & Flails
  4554 | D:5      | Noticed a troll
  4576 | D:5      | Reached skill level 10 in Maces & Flails
  4579 | D:5      | Killed a troll
  4580 | D:5      | Reached XP level 9. HP: 42/53 MP: 7/9
  4582 | D:5      | Reached skill level 5 in Fighting
  4699 | D:5      | Found a broken altar of Ashenzari.
  5445 | D:5      | Reached skill level 5 in Armour
  6132 | D:6      | Reached skill level 1 in Shields
  6850 | D:7      | Found a staircase to the Ecumenical Temple.
  6857 | Temple   | Entered the Ecumenical Temple
  7339 | D:7      | Found an opulent altar of Gozag.
  7352 | D:7      | Found a stormy altar of Qazlal.
  7397 | D:9      | Noticed Pikel
  7409 | D:9      | Noticed a steelbarb worm
  7410 | D:9      | Noticed a kobold demonologist
  7411 | D:9      | Noticed a komodo dragon
  7424 | D:9      | HP: 2/57 [barbs]
  7425 | D:9      | Succumbed to barbed spike wounds

Illustrated notes

Levels and vault maps discovered:
D:1:      dpeg_arrival_water_temple_mockup, layout_loops_cross
D:2:      layout_loops_corners, uniq_jessica, uniq_sigmund
D:3:      layout_rooms, amcnicky_mini_corridor_feature, kennysheep_flooded_box,
          uniq_ijyb
D:4:      layout_basic, gammafunk_ghost_abyssal_escape, uniq_edmund,
          uniq_duvessa, uniq_grinder
D:5:      layout_basic, mainiacjoe_overflow_concentric_impassable,
          minmay_divided_ellipse
D:6:      layout_basic
D:7:      layout_loops_ring, mainiacjoe_overflow_large_starburst,
          minmay_temple_entry_arrows, minmay_parallelograms,
          dreamdust_gnoll_shepherd
D:8:      layout_rooms, nicolae_ossuary_entry_ruins
D:9:      layout_irregular_city, kiku_gazebo_pond_becter,
          minmay_fractal_squares_gapless_7, uniq_maggie, uniq_pikel
Temple:   eino_narrow_crystal_temple

Skill      XL: |  1  2  3  4  5  6  7  8  9 |
---------------+----------------------------+-----
Maces & Flails | 4 6 7 10 | 10.0
Armour         | 1 3 4 5 |  5.0
Fighting       | 4 7 |  7.0
Evocations     | 3 |  3.0
Shields        | 4 |  4.0
Dodging        | |  2.4
Stealth        | |  2.1

Action                   |  1- 3 |  4- 6 |  7- 9 || total
-------------------------+-------+-------+-------++-------
Melee: Mace              |    93 |   211 |     3 ||   307
       Punch             |       |     1 |     1 ||     2
       Flail             |       |       |   297 ||   297
Throw: Dart              |       |       |     8 ||     8
Evoke: Wand              |       |       |    11 ||    11
  Use: Scroll            |     4 |     7 |    11 ||    22
       Potion            |       |     1 |     1 ||     2
 Stab: Sleeping          |     1 |       |       ||     1
Armor: Ring mail         |    44 |    69 |       ||   113
       Plate armour      |       |    34 |   309 ||   343
Dodge: Dodged            |    55 |   108 |   126 ||   289
Block: Buckler           |       |       |    33 ||    33

Table legend: (Time is in decaauts)
 A = Elapsed time spent in this place.
 B = Non-inter-level travel time spent in this place.
 C = Inter-level travel time spent in this place.
 D = Time resting spent in this place.
 E = Time spent auto-exploring this place.
 F = Levels seen in this place.
 G = Mean time per level.
                   A        B        C        D        E       F      G
               +--------+--------+--------+--------+--------+-----+--------+
         Total |   7449 |   7257 |    192 |    246 |   5291 |  10 |  744.9 |
       Dungeon |   6986 |   6808 |    178 |    246 |   4864 |   9 |  776.2 |
        Temple |    463 |    449 |     14 |      0 |    427 |   1 |  463.0 |
               +--------+--------+--------+--------+--------+-----+--------+

Top non-repeatable levels by time:
     D:5: 1605 daAuts
     D:2: 1335 daAuts
     D:4: 1052 daAuts
     D:1: 1049 daAuts
     D:6: 1011 daAuts
     D:3: 799 daAuts
  Temple: 463 daAuts
     D:7: 75 daAuts
     D:8: 31 daAuts
     D:9: 27 daAuts
